[ AOE2 MATCH · #495334494 ]
UnrankedArmenians vs Khmer
Player's team · LOSS
Rival team · WIN
[ REPLAY ANALYSIS · EXTRACTED FROM THE RECORDED GAME ]
Feudal
8:51
Castle
21:39
Imperial
—
| APM avg | 58.6 |
| APM peak | 95 |
| eAPM avg | 28.6 |
| Villagers / military | 80 / 61 |
Focus
⚔️ 43.6% · 🌾 56.4%
Archer ×46 · Spearman ×8 · Militia ×6 · Monk ×1
Feudal
8:26
Castle
20:07
Imperial
—
| APM avg | 82.9 |
| APM peak | 109 |
| eAPM avg | 39.5 |
| Villagers / military | 64 / 26 |
Focus
⚔️ 57.7% · 🌾 42.3%
Knight ×13 · Scout Cavalry ×9 · Scorpion ×3 · Monk ×1
Match map
Initial resources + every placement click. Lines = walls · curves = elevation contours. ◆ gold · ⬟ stone · ● berries · ✦ relic · ◌ wall gap
Your base· Open — 1t gap
PatrickJane's base· Open — 4t gap
Smoothed initial terrain · ◌ = detected wall gap · hover for details
Inputs per minute
— Cattana - - PatrickJane
Build order — Cattana
First 150 of 244 actions detected
| 0:00 | Queue | Villager (Male) |
| 0:00 | Queue | Villager (Male) |
| 0:02 | Build | House |
| 0:03 | Build | House |
| 0:06 | Queue | Villager (Male) |
| 0:06 | Queue | Villager (Male) |
| 1:29 | Queue | Villager (Male) |
| 1:57 | Build | Mule Cart |
| 2:00 | Queue | Villager (Male) |
| 2:00 | Queue | Villager (Male) |
| 2:24 | Queue | Villager (Male) |
| 2:24 | Queue | Villager (Male) |
| 2:52 | Queue | Villager (Male) |
| 2:53 | Queue | Villager (Male) |
| 3:20 | Queue | Villager (Male) |
| 3:20 | Queue | Villager (Male) |
| 3:41 | Queue | Villager (Male) |
| 3:42 | Queue | Villager (Male) |
| 3:54 | Build | House |
| 4:00 | Queue | Villager (Male) |
| 4:34 | Queue | Villager (Male) |
| 4:34 | Queue | Villager (Male) |
| 4:34 | Queue | Villager (Male) |
| 5:02 | Queue | Villager (Male) |
| 5:34 | Build | Barracks |
| 5:50 | Queue | Villager (Male) |
| 5:50 | Research | Loom |
| 6:41 | Research | Feudal Age |
| 6:41 | Research | Feudal Age |
| 6:56 | Build | Mule Cart |
| 7:00 | Queue | Militia |
| 7:00 | Queue | Militia |
| 7:13 | Build | House |
| 7:25 | Queue | Militia |
| 7:25 | Queue | Militia |
| 7:29 | Build | House |
| 7:43 | Queue | Militia |
| 7:43 | Queue | Militia |
| 8:04 | Queue | Villager (Male) |
| 8:23 | Build | Mill |
| 8:51 | Age | Feudal Age |
| 8:55 | Build | Archery Range |
| 8:57 | Build | Palisade Wall |
| 9:04 | Queue | Villager (Male) |
| 9:04 | Queue | Villager (Male) |
| 9:32 | Research | Man-at-Arms (upgrade) |
| 9:33 | Research | Man-at-Arms (upgrade) |
| 9:33 | Queue | Villager (Male) |
| 9:57 | Queue | Villager (Male) |
| 10:04 | Queue | Archer |
| 10:04 | Queue | Archer |
| 10:15 | Build | Farm |
| 10:16 | Build | Farm |
| 10:28 | Build | Farm |
| 10:28 | Queue | Villager (Male) |
| 10:37 | Queue | Archer |
| 10:38 | Queue | Villager (Male) |
| 11:03 | Build | House |
| 11:12 | Queue | Villager (Male) |
| 11:12 | Queue | Villager (Male) |
| 11:24 | Build | Farm |
| 11:34 | Queue | Villager (Male) |
| 11:34 | Queue | Villager (Male) |
| 11:39 | Build | Farm |
| 11:40 | Build | Farm |
| 11:40 | Build | Farm |
| 11:43 | Build | Farm |
| 11:50 | Queue | Archer |
| 11:50 | Queue | Archer |
| 11:50 | Queue | Archer |
| 11:56 | Queue | Villager (Male) |
| 11:56 | Queue | Villager (Male) |
| 12:01 | Build | House |
| 12:02 | Build | Palisade Wall |
| 12:15 | Build | Palisade Wall |
| 12:15 | Build | Palisade Wall |
| 12:16 | Build | Palisade Wall |
| 12:17 | Build | Palisade Wall |
| 12:33 | Queue | Villager (Male) |
| 12:35 | Queue | Spearman |
| 12:36 | Queue | Villager (Male) |
| 12:39 | Build | Farm |
| 12:46 | Build | Palisade Wall |
| 12:47 | Build | Palisade Wall |
| 12:47 | Build | Palisade Wall |
| 12:48 | Build | Palisade Wall |
| 12:48 | Build | Palisade Wall |
| 12:54 | Build | Palisade Wall |
| 12:56 | Build | Palisade Wall |
| 12:56 | Build | Palisade Wall |
| 12:58 | Build | Palisade Wall |
| 12:58 | Build | Palisade Wall |
| 13:00 | Build | Palisade Wall |
| 13:08 | Queue | Villager (Male) |
| 13:13 | Build | House |
| 13:17 | Build | House |
| 13:20 | Build | Palisade Wall |
| 13:21 | Queue | Spearman |
| 13:23 | Queue | Villager (Male) |
| 13:23 | Queue | Villager (Male) |
| 13:23 | Queue | Villager (Male) |
| 13:27 | Queue | Villager (Male) |
| 13:28 | Queue | Villager (Male) |
| 13:43 | Queue | Villager (Male) |
| 13:43 | Queue | Villager (Male) |
| 13:48 | Build | Palisade Wall |
| 13:52 | Queue | Spearman |
| 14:15 | Queue | Villager (Male) |
| 14:17 | Queue | Villager (Male) |
| 14:26 | Build | Farm |
| 14:27 | Queue | Archer |
| 14:27 | Queue | Archer |
| 14:33 | Build | Palisade Wall |
| 14:39 | Queue | Archer |
| 14:39 | Queue | Villager (Male) |
| 14:46 | Build | Palisade Wall |
| 14:51 | Build | Palisade Wall |
| 14:55 | Build | Blacksmith |
| 15:03 | Research | Double-Bit Axe |
| 15:03 | Research | Double-Bit Axe |
| 15:03 | Queue | Archer |
| 15:06 | Queue | Archer |
| 15:14 | Build | Farm |
| 15:19 | Queue | Villager (Male) |
| 15:20 | Queue | Archer |
| 15:20 | Queue | Archer |
| 15:24 | Build | Palisade Wall |
| 15:30 | Research | Fletching |
| 15:30 | Queue | Archer |
| 15:56 | Build | Palisade Wall |
| 16:00 | Build | Market |
| 16:00 | Queue | Villager (Male) |
| 16:04 | Build | Market |
| 16:17 | Queue | Spearman |
| 16:18 | Queue | Villager (Male) |
| 16:32 | Queue | Archer |
| 16:45 | Queue | Villager (Male) |
| 16:48 | Build | Palisade Wall |
| 16:53 | Build | Farm |
| 16:53 | Queue | Villager (Male) |
| 16:55 | Queue | Villager (Male) |
| 16:59 | Queue | Villager (Male) |
| 17:04 | Queue | Villager (Male) |
| 17:14 | Queue | Villager (Male) |
| 17:24 | Queue | Villager (Male) |
| 17:34 | Build | Archery Range |
| 17:39 | Build | Palisade Wall |
| 17:40 | Queue | Villager (Male) |
| 17:46 | Queue | Archer |
| 17:46 | Queue | Archer |
Build order — PatrickJane
First 150 of 191 actions detected
| 0:01 | Queue | Villager (Male) |
| 0:02 | Build | House |
| 0:03 | Build | House |
| 0:05 | Queue | Villager (Male) |
| 0:06 | Queue | Villager (Male) |
| 0:11 | Queue | Villager (Male) |
| 0:11 | Queue | Villager (Male) |
| 1:29 | Queue | Villager (Male) |
| 1:59 | Queue | Villager (Male) |
| 2:00 | Queue | Villager (Male) |
| 2:18 | Queue | Villager (Male) |
| 2:26 | Build | Lumber Camp |
| 2:51 | Queue | Villager (Male) |
| 3:16 | Queue | Villager (Male) |
| 3:34 | Queue | Villager (Male) |
| 3:53 | Build | House |
| 4:09 | Queue | Villager (Male) |
| 4:16 | Build | Palisade Wall |
| 4:32 | Queue | Villager (Male) |
| 4:49 | Queue | Villager (Male) |
| 4:52 | Build | Mill |
| 5:09 | Queue | Villager (Male) |
| 5:28 | Research | Loom |
| 6:15 | Research | Feudal Age |
| 7:16 | Build | Palisade Wall |
| 7:18 | Build | Palisade Wall |
| 7:23 | Build | House |
| 7:40 | Queue | Villager (Male) |
| 7:43 | Build | Palisade Wall |
| 7:45 | Build | Palisade Wall |
| 7:46 | Build | Palisade Wall |
| 7:47 | Build | Palisade Wall |
| 7:54 | Queue | Villager (Male) |
| 7:56 | Build | Palisade Wall |
| 7:58 | Build | Palisade Wall |
| 7:58 | Build | Palisade Wall |
| 8:11 | Queue | Villager (Male) |
| 8:13 | Build | Palisade Wall |
| 8:26 | Age | Feudal Age |
| 8:27 | Build | Stable |
| 8:30 | Research | Double-Bit Axe |
| 8:44 | Build | Palisade Wall |
| 8:46 | Build | Palisade Wall |
| 8:51 | Research | Horse Collar |
| 9:07 | Build | House |
| 9:08 | Queue | Scout Cavalry |
| 9:14 | Build | Farm |
| 9:20 | Queue | Villager (Male) |
| 9:29 | Queue | Scout Cavalry |
| 9:36 | Build | Farm |
| 9:47 | Queue | Villager (Male) |
| 10:06 | Queue | Villager (Male) |
| 10:08 | Build | Farm |
| 10:17 | Queue | Villager (Male) |
| 10:30 | Queue | Villager (Male) |
| 10:34 | Queue | Scout Cavalry |
| 10:42 | Queue | Villager (Male) |
| 10:48 | Build | Farm |
| 10:50 | Build | Farm |
| 10:58 | Queue | Scout Cavalry |
| 11:11 | Queue | Villager (Male) |
| 11:20 | Queue | Villager (Male) |
| 11:21 | Build | Farm |
| 11:27 | Build | House |
| 11:34 | Queue | Villager (Male) |
| 11:35 | Build | Farm |
| 11:39 | Queue | Villager (Male) |
| 11:47 | Queue | Scout Cavalry |
| 11:51 | Build | House |
| 11:52 | Queue | Villager (Male) |
| 11:53 | Build | Palisade Wall |
| 11:55 | Queue | Villager (Male) |
| 12:03 | Build | Farm |
| 12:08 | Build | House |
| 12:30 | Queue | Villager (Male) |
| 12:33 | Queue | Villager (Male) |
| 12:36 | Build | Farm |
| 12:45 | Queue | Scout Cavalry |
| 12:46 | Queue | Villager (Male) |
| 12:49 | Research | Town Watch |
| 12:49 | Research | Town Watch |
| 12:57 | Queue | Villager (Male) |
| 13:06 | Queue | Scout Cavalry |
| 13:11 | Build | Blacksmith |
| 13:17 | Build | Farm |
| 13:25 | Build | House |
| 13:37 | Queue | Villager (Male) |
| 14:03 | Queue | Villager (Male) |
| 14:06 | Queue | Scout Cavalry |
| 14:06 | Queue | Villager (Male) |
| 14:19 | Queue | Villager (Male) |
| 14:21 | Build | House |
| 14:22 | Build | Farm |
| 14:24 | Build | Farm |
| 14:29 | Queue | Scout Cavalry |
| 14:32 | Build | Farm |
| 14:36 | Build | Farm |
| 14:39 | Build | House |
| 14:50 | Build | Palisade Wall |
| 14:52 | Build | Palisade Wall |
| 15:09 | Queue | Villager (Male) |
| 15:13 | Build | Palisade Wall |
| 15:17 | Research | Wheelbarrow |
| 15:22 | Build | Mining Camp |
| 15:38 | Build | Farm |
| 15:57 | Build | Palisade Wall |
| 16:08 | Build | House |
| 16:27 | Queue | Villager (Male) |
| 16:56 | Queue | Villager (Male) |
| 17:27 | Research | Castle Age |
| 17:30 | Build | Stable |
| 17:35 | Build | Farm |
| 17:35 | Build | Farm |
| 17:48 | Build | Farm |
| 18:02 | Research | Gold Mining |
| 18:02 | Research | Gold Mining |
| 18:41 | Research | Bloodlines |
| 18:41 | Research | Bloodlines |
| 18:42 | Research | Scale Barding Armor |
| 18:43 | Research | Scale Barding Armor |
| 19:28 | Build | Palisade Wall |
| 19:39 | Queue | Villager (Male) |
| 20:07 | Age | Castle Age |
| 20:09 | Queue | Knight |
| 20:10 | Queue | Knight |
| 20:12 | Research | Chain Barding Armor |
| 20:15 | Research | Bow Saw |
| 20:31 | Queue | Knight |
| 20:32 | Queue | Villager (Male) |
| 20:34 | Queue | Knight |
| 20:38 | Queue | Villager (Male) |
| 20:52 | Queue | Knight |
| 20:54 | Queue | Villager (Male) |
| 21:04 | Queue | Knight |
| 21:04 | Queue | Knight |
| 21:25 | Queue | Villager (Male) |
| 21:28 | Build | Town Center |
| 21:38 | Research | Husbandry |
| 21:38 | Research | Husbandry |
| 21:41 | Research | Chain Barding Armor |
| 21:41 | Research | Chain Barding Armor |
| 21:50 | Queue | Villager (Male) |
| 21:53 | Build | Siege Workshop |
| 21:59 | Queue | Villager (Male) |
| 22:01 | Build | Farm |
| 22:01 | Build | Farm |
| 22:06 | Build | Monastery |
| 22:10 | Build | Farm |
| 22:15 | Queue | Knight |
| 22:15 | Queue | Knight |
Match timeline
| 4:16 | PatrickJane · wall_segment Palisade Wall x1 |
| 5:34 | Cattana · first_building Barracks |
| 7:16 | PatrickJane · wall_segment Palisade Wall x1 |
| 7:18 | PatrickJane · wall_segment Palisade Wall x1 |
| 7:43 | PatrickJane · wall_segment Palisade Wall x1 |
| 7:45 | PatrickJane · wall_segment Palisade Wall x1 |
| 7:46 | PatrickJane · wall_segment Palisade Wall x1 |
| 7:47 | PatrickJane · wall_segment Palisade Wall x1 |
| 7:56 | PatrickJane · wall_segment Palisade Wall x1 |
| 7:58 | PatrickJane · wall_segment Palisade Wall x1 |
| 7:58 | PatrickJane · wall_segment Palisade Wall x1 |
| 8:13 | PatrickJane · wall_segment Palisade Wall x1 |
| 8:26 | PatrickJane · age_up feudal |
| 8:27 | PatrickJane · first_building Stable |
| 8:44 | PatrickJane · wall_segment Palisade Wall x1 |
| 8:46 | PatrickJane · wall_segment Palisade Wall x1 |
| 8:51 | Cattana · age_up feudal |
| 8:55 | Cattana · first_building Archery Range |
| 8:57 | Cattana · wall_segment Palisade Wall x1 |
| 11:53 | PatrickJane · wall_segment Palisade Wall x1 |
| 12:02 | Cattana · wall_segment Palisade Wall x1 |
| 12:15 | Cattana · wall_segment Palisade Wall x1 |
| 12:15 | Cattana · wall_segment Palisade Wall x1 |
| 12:16 | Cattana · wall_segment Palisade Wall x1 |
| 12:17 | Cattana · wall_segment Palisade Wall x1 |
| 12:46 | Cattana · wall_segment Palisade Wall x1 |
| 12:47 | Cattana · wall_segment Palisade Wall x1 |
| 12:47 | Cattana · wall_segment Palisade Wall x1 |
| 12:48 | Cattana · wall_segment Palisade Wall x1 |
| 12:48 | Cattana · wall_segment Palisade Wall x1 |
| 12:54 | Cattana · wall_segment Palisade Wall x1 |
| 12:56 | Cattana · wall_segment Palisade Wall x1 |
| 12:56 | Cattana · wall_segment Palisade Wall x2 |
| 12:58 | Cattana · wall_segment Palisade Wall x2 |
| 12:58 | Cattana · wall_segment Palisade Wall x2 |
| 13:00 | Cattana · wall_segment Palisade Wall x2 |
| 13:20 | Cattana · wall_segment Palisade Wall x6 |
| 13:48 | Cattana · wall_segment Palisade Wall x1 |
| 14:33 | Cattana · wall_segment Palisade Wall x1 |
| 14:46 | Cattana · wall_segment Palisade Wall x1 |
| 14:50 | PatrickJane · wall_segment Palisade Wall x4 |
| 14:51 | Cattana · wall_segment Palisade Wall x1 |
| 14:52 | PatrickJane · wall_segment Palisade Wall x8 |
| 15:13 | PatrickJane · wall_segment Palisade Wall x9 |
| 15:24 | Cattana · wall_segment Palisade Wall x1 |
| 15:56 | Cattana · wall_segment Palisade Wall x2 |
| 15:57 | PatrickJane · wall_segment Palisade Wall x8 |
| 16:48 | Cattana · wall_segment Palisade Wall x1 |
| 17:39 | Cattana · wall_segment Palisade Wall x2 |
| 18:16 | Cattana · wall_segment Palisade Wall x1 |
| 18:36 | Cattana · first_market_sell 100 wood |
| 18:38 | Cattana · first_market_buy 100 food |
| 19:28 | PatrickJane · wall_segment Palisade Wall x1 |
| 19:50 | Cattana · wall_segment Palisade Wall x1 |
| 20:07 | PatrickJane · age_up castle |
| 20:23 | Cattana · wall_segment Palisade Wall x1 |
| 21:09 | Cattana · wall_segment Palisade Wall x1 |
| 21:39 | Cattana · age_up castle |
| 21:53 | PatrickJane · first_building Siege Workshop |
| 22:06 | PatrickJane · first_building Monastery |
| 22:23 | Cattana · wall_segment Palisade Wall x1 |
| 22:24 | Cattana · wall_segment Palisade Wall x1 |
| 23:39 | Cattana · wall_segment Stone Wall x1 |
| 23:41 | Cattana · wall_segment Stone Wall x1 |
| 24:12 | Cattana · first_building Monastery |
| 25:53 | Cattana · resign |
[ AI ANALYSIS · 1 CREDIT ]
What really happened in this match?
Wolo.gg analyzes every decision: build order, eco, micro, common mistakes by bracket. Personalized analysis on WhatsApp or Discord in 30 seconds.
Civ guide
Armenians
Perfil
Jugador #10486784